 Dungeon Crawl Stone Soup version bcrawl-1.19.2-6-g6a88ae04c9 (webtiles) character file.

Game seed: 16246843505383263240

152 Mrkan the Charmwright (level 5, -1/43 HPs)
             Began as a Gnoll Skald on Jan 7, 2020.
             Slain by an orc
             ... wielding a +0 short sword
              (5 damage)
             ... on level 3 of the Dungeon.
             The game lasted 00:03:10 (2352 turns).

Mrkan the Charmwright (Gnoll Skald)                 Turns: 2352, Time: 00:03:11

Health: -1/43      AC:  3    Str: 14    XL:     5   Next: 34%
Magic:  12/12      EV: 14    Int: 15    God:
Gold:   116        SH:  0    Dex: 15    Spells: 13/14 levels left

rFire    . . .     SeeInvis .   a - +0 spear
rCold    . . .     Gourm    .   (no shield)
rNeg     . . .     Faith    .   b - +0 leather armour
rPois    .         Spirit   .   (no helmet)
rElec    .         Reflect  .   (no cloak)
rCorr    .         Harm     .   (no gloves)
MR       .....                  (no boots)
Stlth    ++........             (no amulet)
HPRegen  0.14/turn              (no ring)
MPRegen  0.13/turn              (no ring)

@: hasted, very quick
A: distributed training, fangs 1, strong nose
a: no special abilities


You were on level 3 of the Dungeon.
You were not hungry.

You visited 1 branch of the dungeon, and saw 3 of its levels.

You collected 116 gold pieces.

Inventory:

Hand Weapons
 a - a +0 spear (weapon)
Missiles
 c - 2 throwing nets (quivered) {!f}
Armour
 b - a +0 leather armour (worn)
Jewellery
 i - an uncursed amulet of the acrobat {unknown}
Wands
 j - a wand of iceblast (12)
Scrolls
 d - a scroll of fear
 e - 2 scrolls of identify {unknown}
 g - a scroll of enchant armour {unknown}
 h - a scroll of enchant weapon {unknown}
 k - a scroll of magic mapping {unknown}
Potions
 l - a potion of heal wounds {unknown}
 m - a potion of flight {unknown}
 n - a potion of brilliance {unknown}
 o - a potion of haste
Comestibles
 f - 5 rations {!d}
 p - 3 chunks of flesh


   Skills:
 + Level 4.7 Fighting
 + Level 1.4 Short Blades
 + Level 1.4 Long Blades
 + Level 1.4 Axes
 + Level 1.4 Maces & Flails
 + Level 4.7 Polearms
 + Level 1.4 Staves
 + Level 1.4 Slings
 + Level 1.4 Bows
 + Level 1.4 Crossbows
 + Level 1.4 Throwing
 + Level 2.9 Armour
 + Level 4.7 Dodging
 + Level 1.4 Stealth
 + Level 1.4 Shields
 + Level 1.4 Unarmed Combat
 + Level 5.2 Spellcasting
 + Level 1.1 Conjurations
 + Level 1.1 Hexes
 + Level 5.5 Charms
 + Level 1.1 Summonings
 + Level 1.1 Necromancy
 + Level 1.1 Translocations
 + Level 1.1 Transmutations
 + Level 1.1 Fire Magic
 + Level 1.1 Ice Magic
 + Level 1.1 Air Magic
 + Level 1.1 Earth Magic
 + Level 1.1 Poison Magic
 + Level 1.6 Invocations
 + Level 1.4 Evocations


You had 13 spell levels left.
You knew the following spells:

 Your Spells              Type           Power        Failure   Level  Hunger
a - Infusion              Chrm           ###.....     1%          1    None

Your spell library contained the following spells:

 Spells                   Type           Power        Failure   Level  Hunger
 Song of Slaying          Chrm           ###.....     3%          2    ##.....
 Ozocubu's Armour         Chrm/Ice       ##......     16%         3    ###....
 Regeneration             Chrm/Necr      ##........   16%         3    ###....
 Spectral Weapon          Hex/Chrm       ##......     16%         3    ###....


Dungeon Overview and Level Annotations

Branches:
Dungeon (3/12)

Altars:


Innate Abilities, Weirdness & Mutations

Your experience applies equally to all skills.
You have very sharp teeth.
Your uncanny sense of smell can sniff out nearby items.


Message History

The orc is severely wounded.
The orc misses you.
You closely miss the orc.
The orc is severely wounded.
The orc hits you with a +0 short sword.
* * * LOW HITPOINT WARNING * * *
The orc barely misses you. The orc hits you but does no damage.
The orc hits you with a +0 short sword.
* * * LOW HITPOINT WARNING * * *
Things that are here:
a +0 club; a hobgoblin skeleton The orc hits you but does no damage.
You hit the orc but do no damage. You hit the orc but do no damage.
You bite the orc, but do no damage. The orc closely misses you.
You hit the orc but do no damage. The orc hits you with a +0 short sword.
* * * LOW HITPOINT WARNING * * *
It was a potion of haste.
You feel yourself speed up. The orc hits you with a +0 short sword.
You die...

####...... #...^...# #
.........# ###.#####.#######
.........# ##................
.##......# #...###....#######
.......).# #...# #....#
###......# #...###....#
###..o## #.........## #.<.#
#.........# #...#
#@#.....#.#######
####...######o#..>..#.#.....#
...........o.oo#.....#.#.....#
...............#.....#.......#
...............#.....###.....#
#####...##########.### #.....#
#.###. #รท# ######### #. .
#.###.## #. . #.##.#.#######


You could see 3 orcs.

Vanquished Creatures
  A crimson imp (D:3)
  An orc priest (D:3)
  2 adders
  2 oozes (D:3)
  An adder skeleton (D:2)
  3 worms
  2 dart slugs
  4 leopard geckos
  A giant cockroach (D:2)
  5 goblins
  3 hobgoblins
  A jackal (D:2)
  A quokka (D:2)
  6 bats
  3 frilled lizards
  8 kobolds
  4 rats
48 creatures vanquished.

Notes
Turn   | Place    | Note
-------+----------+-------------------------------------------
     0 | D:1      | Mrkan the Gnoll Skald began the quest for the Orb.
     0 | D:1      | Reached XP level 1. HP: 20/20 MP: 6/6
   129 | D:1      | Reached XP level 2. HP: 11/26 MP: 7/7
   804 | D:1      | Reached XP level 3. HP: 21/31 MP: 9/9
  1040 | D:2      | Reached skill level 5 in Spellcasting
  1194 | D:2      | Reached skill level 1 in Invocations
  1472 | D:2      | Reached skill level 1 in Short Blades
  1472 | D:2      | Reached skill level 1 in Long Blades
  1472 | D:2      | Reached skill level 1 in Axes
  1472 | D:2      | Reached skill level 1 in Maces & Flails
  1472 | D:2      | Reached skill level 1 in Staves
  1472 | D:2      | Reached skill level 1 in Slings
  1472 | D:2      | Reached skill level 1 in Bows
  1472 | D:2      | Reached skill level 1 in Crossbows
  1472 | D:2      | Reached skill level 1 in Throwing
  1472 | D:2      | Reached skill level 1 in Stealth
  1472 | D:2      | Reached skill level 1 in Shields
  1472 | D:2      | Reached skill level 1 in Unarmed Combat
  1472 | D:2      | Reached skill level 1 in Evocations
  1488 | D:2      | Reached XP level 4. HP: 24/38 MP: 11/11
  2276 | D:3      | Reached skill level 1 in Conjurations
  2276 | D:3      | Reached skill level 1 in Hexes
  2276 | D:3      | Reached skill level 1 in Summonings
  2276 | D:3      | Reached skill level 1 in Necromancy
  2276 | D:3      | Reached skill level 1 in Translocations
  2276 | D:3      | Reached skill level 1 in Transmutations
  2276 | D:3      | Reached skill level 1 in Fire Magic
  2276 | D:3      | Reached skill level 1 in Ice Magic
  2276 | D:3      | Reached skill level 1 in Air Magic
  2276 | D:3      | Reached skill level 1 in Earth Magic
  2276 | D:3      | Reached skill level 1 in Poison Magic
  2276 | D:3      | Reached XP level 5. HP: 35/43 MP: 12/12
  2352 | D:3      | Slain by an orc

Skill      XL: |  1  2  3  4 |
---------------+-------------+-----
Spellcasting   | 5 |  5.2
Invocations    | 1 |  1.6
Short Blades   | 1 |  1.4
Long Blades    | 1 |  1.4
Axes           | 1 |  1.4
Maces & Flails | 1 |  1.4
Staves         | 1 |  1.4
Slings         | 1 |  1.4
Bows           | 1 |  1.4
Crossbows      | 1 |  1.4
Throwing       | 1 |  1.4
Stealth        | 1 |  1.4
Shields        | 1 |  1.4
Unarmed Combat | 1 |  1.4
Evocations     | 1 |  1.4
Conjurations   | 1 |  1.1
Hexes          | 1 |  1.1
Summonings     | 1 |  1.1
Necromancy     | 1 |  1.1
Translocations | 1 |  1.1
Transmutations | 1 |  1.1
Fire Magic     | 1 |  1.1
Ice Magic      | 1 |  1.1
Air Magic      | 1 |  1.1
Earth Magic    | 1 |  1.1
Poison Magic   | 1 |  1.1
Fighting       | |  4.7
Polearms       | |  4.7
Armour         | |  2.9
Dodging        | |  4.7
Charms         | |  5.5

Action                   |  1- 3 |  4- 6 || total
-------------------------+-------+-------++-------
Melee: Spear             |   128 |   120 ||   248
       Bite              |    16 |    16 ||    32
       Punch             |       |     1 ||     1
  Use: Potion            |       |     1 ||     1
 Stab: Sleeping          |     1 |     2 ||     3
  Eat: Chunk             |     2 |     3 ||     5
Armor: Leather armour    |    34 |    15 ||    49
Dodge: Dodged            |   123 |    61 ||   184
